 Dungeon Crawl Stone Soup version 0.29-a0-289-g2178c42546 (webtiles) character file.

Game seed: 16273065982469378186

22 Colgate the Vexing (level 2, -1/13 HPs)
             Began as a Spriggan Enchanter on Mar 17, 2022.
             Slain by a hobgoblin (3 damage)
             ... on level 1 of the Dungeon.
             The game lasted 00:01:13 (590 turns).

Colgate the Vexing (Spriggan Enchanter)              Turns: 590, Time: 00:01:13

Health: -1/13      AC:  2    Str:  4    XL:     2   Next: 68%
Magic:  3/6        EV: 17    Int: 16    God:
Gold:   71         SH:  0    Dex: 15    Spells: 4/6 levels left

rFire   . . .      SeeInvis +   a - +1 dagger
rCold   . . .      Faith    .   (no shield)
rNeg    . . .      Spirit   .   b - +0 robe
rPois   .          Reflect  .   (helmet restricted)
rElec   .          Harm     .   (no cloak)
rCorr   .          Rampage  .   (gloves unavailable)
Will    .....                   (boots unavailable)
Stlth   +++.......              (no amulet)
HPRegen 0.04/turn               (no ring)
MPRegen 0.10/turn               (no ring)

@: very quick
A: very small, no large weapons, unfitting armour, see invisible, speed 3
a: no special abilities


You were on level 1 of the Dungeon.
You visited 1 branch of the dungeon, and saw 1 of its levels.

You collected 71 gold pieces.

Inventory:

Hand Weapons
 a - a +1 dagger (weapon)
Armour
 b - a +0 robe (worn)
Jewellery
 d - an amulet of guardian spirit
Scrolls
 f - a scroll of amnesia {unknown}
 g - a scroll of identify {unknown}
Potions
 c - 2 potions of invisibility
 e - a potion of berserk rage {unknown}


   Skills:
 - Level 1.1 Short Blades
 - Level 2.6 Dodging
 - Level 4.4 Stealth
 - Level 2.6 Spellcasting
 + Level 4.9 Hexes


You had 4 spell levels left.
You knew the following spells:

 Your Spells              Type           Power      Damage    Failure   Level
a - Ensorcelled Hibernat  Hex/Ice        20%        N/A       11%         2

Your spell library contained the following spells:

 Spells                   Type           Power      Damage    Failure   Level
 Confusing Touch          Hex            17%        N/A       8%          3
 Tukima's Dance           Hex            17%        N/A       8%          3
 Dazzling Flash           Conj/Hex       20%        N/A       22%         3


Dungeon Overview and Level Annotations

Branches:
Dungeon (1/15)

Altars:


Innate Abilities, Weirdness & Mutations

You are very small and have problems with some larger weapons.
You are too small for most types of armour.
You have supernaturally acute eyesight. (SInv)
You cover ground extremely quickly. (Speed+++)


Message History

You are too injured to fight recklessly!
You are too injured to fight recklessly!
You are too injured to fight recklessly!
You are too injured to fight recklessly!
You are too injured to fight recklessly!
You are too injured to fight recklessly!
You are too injured to fight recklessly!
You are too injured to fight recklessly!
You are too injured to fight recklessly!
You are too injured to fight recklessly!
You are too injured to fight recklessly!
You are too injured to fight recklessly!
You are too injured to fight recklessly!
You are too injured to fight recklessly!
You are too injured to fight recklessly!
You are too injured to fight recklessly!
You are too injured to fight recklessly!
You are too injured to fight recklessly!
You are too injured to fight recklessly!
You are too injured to fight recklessly!
You are too injured to fight recklessly!
You barely miss the quokka. The quokka barely misses you.
You hit the quokka.
You kill the quokka!
The hobgoblin shouts!
You hit the jackal but do no damage. The jackal completely misses you.
You barely miss the jackal. The jackal misses you. x2
You barely miss the jackal. The jackal misses you.
You closely miss the jackal. The jackal misses you.
You closely miss the jackal. The jackal misses you.
You closely miss the jackal. The jackal closely misses you.
The jackal barely misses you.
You miss the jackal. The jackal closely misses you.
You barely miss the jackal. The jackal misses you. The hobgoblin misses you.
You hit the jackal but do no damage. The jackal bites you.
The hobgoblin hits you. The jackal bites you.
* * * LOW HITPOINT WARNING * * *
You barely miss the jackal. The jackal completely misses you.
The hobgoblin hits you.
You die...

#.# ##.........# #.#
##........# #.#
#........# #.#
#.#....### #.####
#.#....#
#....####.#.#.## ####
###.........#.#.# ..).#
..........##....##.....#
....#.#.#......g@h.....#
........#..#....##.....#
###.#..###.###..# ....#
# #.....†÷(#....# .### #
###...#.....### # #
#.###.###.# #
#...#..#..# #
##.....#..###### #
#..##...>.....g


You could see a jackal and a hobgoblin.

Vanquished Creatures
  3 ball pythons (D:1)
  A bat (D:1)
  3 endoplasms (D:1)
  2 giant cockroaches (D:1)
  2 hobgoblins (D:1)
  3 jackals (D:1)
  A quokka (D:1)
  A kobold (D:1)
  A rat (D:1)
17 creatures vanquished.

Notes
Turn   | Place    | Note
-------+----------+-------------------------------------------
     0 | D:1      | Colgate the Spriggan Enchanter began the quest for the Orb.
     0 | D:1      | Reached XP level 1. HP: 9/9 MP: 5/5
   163 | D:1      | Reached XP level 2. HP: 7/13 MP: 6/6
   170 | D:1      | Learned a level 2 spell: Ensorcelled Hibernation
   590 | D:1      | Slain by a hobgoblin

Illustrated notes

Levels and vault maps discovered:
D:1:      shiori_shiawase, layout_loops_ring,
          shapermc_ecumenical_altar_notcrosses, hangedman_decor_slide_cut,
          minmay_pentomino_t4

Skill      XL: |  1 |
---------------+----+-----
Hexes          | 4 |  4.9
Short Blades   | |  1.1
Dodging        | |  2.6
Stealth        | |  4.4
Spellcasting   | |  2.6

Action                   || total
-------------------------++-------
Melee: Dagger            ||    70
 Cast: Ensorcelled Hiber ||     5
 Stab: Sleeping          ||     7
Armor: Robe              ||     5
Dodge: Dodged            ||    66

Table legend: (Time is in decaauts)
 A = Elapsed time spent in this place.
 B = Non-inter-level travel time spent in this place.
 C = Inter-level travel time spent in this place.
 D = Time resting spent in this place.
 E = Time spent auto-exploring this place.
 F = Levels seen in this place.
 G = Mean time per level.
                   A        B        C        D        E       F      G
               +--------+--------+--------+--------+--------+-----+--------+
         Total |    458 |    458 |      0 |      0 |    349 |   1 |  458.0 |
       Dungeon |    458 |    458 |      0 |      0 |    349 |   1 |  458.0 |
               +--------+--------+--------+--------+--------+-----+--------+

Top non-repeatable levels by time:
     D:1: 458 daAuts
